 Dungeon Crawl Stone Soup version 0.25.1-2-g60ff931df9 (webtiles) character file.

Game seed: 1515458640772365412

553 Johnny the Digger (level 6, 0/45 HPs)
             Began as a Demigod Earth Elementalist on Oct 20, 2020.
             Slain by a shadow imp (4 damage)
             ... on level 5 of the Dungeon.
             The game lasted 00:03:24 (4922 turns).

Johnny the Digger (Demigod Earth Elementalist)      Turns: 4922, Time: 00:03:25

Health: 0/45       AC:  3    Str: 11    XL:     6   Next: 80%
Magic:  11/15      EV: 12    Int: 23    God:
Gold:   201        SH:  0    Dex: 16    Spells: 8/12 levels left

rFire    . . .     SeeInvis .   n - +1 hand axe (elec)
rCold    . . .     Gourm    .   (no shield)
rNeg     . . .     Faith    .   c - +0 robe
rPois    .         Spirit   .   y - +0 helmet
rElec    .         Reflect  .   (no cloak)
rCorr    .         Harm     .   (no gloves)
MR       .....                  (no boots)
Stlth    ++........             h - amulet of magic regeneration
HPRegen  0.15/turn              u - ring of flight
MPRegen  0.39/turn              (no ring)

@: lethally poisoned (0 -> -3)
A: high mp 1
a: Evoke Flight


You were on level 5 of the Dungeon.
You were very hungry.

You visited 1 branch of the dungeon, and saw 5 of its levels.

You collected 201 gold pieces.

Inventory:

Hand Weapons
 n - a +1 hand axe of electrocution (weapon)
Missiles
 b - 48 stones (quivered)
Armour
 c - a +0 robe (worn)
 y - a +0 helmet (worn)
Jewellery
 h - an amulet of magic regeneration (around neck)
 u - a ring of flight (left hand)
Wands
 k - a wand of digging (5)
 s - a wand of polymorph (8)
Scrolls
 f - 4 scrolls of teleportation {unknown}
 g - a scroll of amnesia {unknown}
 i - 8 scrolls of identify {unknown}
 p - a scroll of magic mapping {unknown}
 v - a scroll of noise {unknown}
 w - a scroll of blinking {unknown}
Potions
 a - a potion of resistance {unknown}
 j - a potion of curing
 l - a potion of flight {unknown}
 m - a potion of brilliance {unknown}
 o - a potion of lignification {unknown}
 q - a potion of ambrosia {unknown}
 r - 2 potions of haste {unknown}
 t - a potion of degeneration {unknown}
Comestibles
 d - 4 rations


   Skills:
 - Level 1.7 Dodging
 - Level 1.7 Stealth
 + Level 3.9 Spellcasting
   Level 0.8 Transmutations
 * Level 6.3 Earth Magic


You had 8 spell levels left.
You knew the following spells:

 Your Spells              Type           Power        Failure   Level  Hunger
a - Sandblast             Erth           ####..       1%          1    None
b - Stone Arrow           Conj/Erth      ###...       9%          3    ##.....

Your spell library contained the following spells:

 Spells                   Type           Power        Failure   Level  Hunger
 Passwall                 Tmut/Erth      ###.....     3%          2    #......
 Lee's Rapid Deconstruct  Erth           ####......   22%         5    ######.
 Petrify                  Tmut/Erth      ###.....     24%         4    ####...


Dungeon Overview and Level Annotations

Branches:
Dungeon (5/15)             Temple (0/1) D:4


Innate Abilities, Weirdness & Mutations

You have an increased reservoir of magic. (+10% MP)


Message History

Confirm with . or Enter, or press ? or * to list all spells.
Aiming: Sandblast (safe; 1% risk of failure)
Press: ? - help, Shift-Dir - straight line, f/p - adder
Aim: an adder (lightly wounded)
The blast of sand hits the adder!
You kill the adder!
b - 49 stones
* * * LOW HITPOINT WARNING * * *
You feel sick.
Casting: Sandblast (safe; 1% risk of failure)
Confirm with . or Enter, or press ? or * to list all spells.
Aiming: Sandblast (safe; 1% risk of failure)
Press: ? - help, Shift-Dir - straight line, f - shadow imp
Aim: a shadow imp The blast of sand hits the shadow imp.
The shadow imp is moderately wounded.
b - 48 stones
* * * LOW HITPOINT WARNING * * *
You feel sick. The shadow imp hits you.
You die...

.. .#.. .# ... ..
... .# #.## ### ##.#
#..# ...# # #
#..###..#....#
....#.#.##..)..[...#
......[<5@......$..#
#####..<#####......#
##.## .#?...# #. .#
.### #. ## .. .. .#
.. . ..#


You could see a shadow imp.

Vanquished Creatures
  A phantom (D:4)
  An ogre (D:3)
  A quasit (D:4)
  2 orc priests
  2 orc wizards
  Robin (D:4)
  A howler monkey skeleton (D:4)
  10 adders
  2 oozes (D:3)
  An adder skeleton (D:5)
  5 dart slugs
  2 leopard geckos (D:2)
  10 orcs
  5 giant cockroaches
  16 goblins
  13 hobgoblins
  7 kobolds
  A quokka (D:2)
  7 bats
  6 frilled lizards
  A jackal skeleton (D:4)
  10 rats
105 creatures vanquished.

Notes
Turn   | Place    | Note
-------+----------+-------------------------------------------
     0 | D:1      | Johnny the Demigod Earth Elementalist began the quest for
                  | the Orb.
     0 | D:1      | Reached XP level 1. HP: 14/14 MP: 5/5
   363 | D:1      | Reached skill level 3 in Earth Magic
   589 | D:1      | Reached XP level 2. HP: 12/20 MP: 7/7
  1289 | D:2      | Reached XP level 3. HP: 26/26 MP: 9/9
  1867 | D:2      | You fall into a shaft and drop 1 floor!
  1899 | D:3      | Reached skill level 4 in Earth Magic
  1990 | D:3      | Reached XP level 4. HP: 33/33 MP: 6/10
  2149 | D:3      | Found a shadowy altar of Dithmenos.
  2185 | D:3      | Noticed an ogre
  2191 | D:3      | Killed an ogre
  2191 | D:3      | Reached XP level 5. HP: 38/38 MP: 7/12
  2509 | D:3      | Reached skill level 5 in Earth Magic
  2680 | D:3      | Found a shattered altar of Ashenzari.
  2843 | D:3      | Found a shimmering blue altar of Sif Muna.
  3360 | D:2      | Reached XP level 6. HP: 21/45 MP: 12/14
  3980 | D:4      | Noticed Grinder
  3986 | D:4      | Noticed Grinder
  3986 | D:4      | Grinder changed into Grinder the quasit
  3992 | D:4      | Killed Grinder the quasit
  4100 | D:4      | Found an iron altar of Okawaru.
  4131 | D:4      | Found a hazy altar of Hepliaklqana.
  4214 | D:4      | Learned a level 3 spell: Stone Arrow
  4280 | D:4      | Found a staircase to the Ecumenical Temple.
  4405 | D:4      | Noticed Robin
  4415 | D:4      | Reached skill level 6 in Earth Magic
  4420 | D:4      | Killed Robin
  4540 | D:4      | Found a shimmering altar of Xom.
  4541 | D:4      | Found a shimmering altar of Xom.
  4541 | D:4      | Found a shimmering altar of Xom.
  4547 | D:4      | Found a shimmering altar of Xom.
  4549 | D:4      | Found a shimmering altar of Xom.
  4549 | D:4      | Found a shimmering altar of Xom.
  4552 | D:4      | Found a shimmering altar of Xom.
  4896 | D:5      | Entered Level 5 of the Dungeon
  4922 | D:5      | Slain by a shadow imp

Illustrated notes

Levels and vault maps discovered:
D:1:      scummos_arrival_gate, layout_rooms, minmay_3d_cube
D:2:      layout_basic, hex_large, small_statue_intersection, nrook_mini_vaults
D:3:      minmay_chambers_of_threes, layout_basic, ashenzari_altar_1,
          lemuel_crystal_altar, led_sif_pool
D:4:      layout_basic, nicolae_xom_altar_mimics, kennysheep_little_box,
          kennysheep_mini, minmay_temple_entry_large_hall, uniq_robin,
          uniq_grinder
D:5:      layout_rooms, first_ration

Skill      XL: |  1  2  3  4  5  6 |
---------------+-------------------+-----
Earth Magic    | 3 4 5 6 |  6.3
Spellcasting   | 2 3 |  3.9
Dodging        | |  1.7
Stealth        | |  1.7
Transmutations | |  0.8

Action                   |  1- 3 |  4- 6 || total
-------------------------+-------+-------++-------
Melee: Short sword       |    84 |    11 ||    95
       Unarmed           |     7 |       ||     7
       Hand axe          |       |    44 ||    44
 Cast: Sandblast         |    22 |    59 ||    81
       Stone Arrow       |       |     2 ||     2
Evoke: Wand              |       |     5 ||     5
  Use: Potion            |     1 |       ||     1
 Stab: Sleeping          |     5 |     3 ||     8
  Eat: Chunk             |     3 |     5 ||     8
       Ration            |       |     1 ||     1
Armor: Robe              |    19 |    24 ||    43
Dodge: Dodged            |    71 |    60 ||   131
